 Dungeon Crawl Stone Soup version 0.17-a0-1887-g3e50df6 (webtiles) character file.

192 Warmonger the Ducker (level 5, -2/50 HPs)
             Began as a Troll Berserker on Sept 23, 2015.
             Was a Priest of Trog.
             Slain by an iguana (13 damage)
             ... on level 4 of the Dungeon.
             The game lasted 00:23:15 (2871 turns).

Warmonger the Ducker (Troll Berserker)              Turns: 2871, Time: 00:23:15

Health: -2/50      AC:  5    Str: 26    XL:     5   Next: 42%
Magic:  4/4        EV: 11    Int:  3    God:    Trog [***...]
Gold:   155        SH:  0    Dex:  9    Spells: 0 memorised, 4 levels left

rFire  . . .     SeeInvis .     a - +0 mace
rCold  . . .     Clarity  .     p - +0 robe
rNeg   . . .     SustAt   .     (no shield)
rPois  .         Gourm    +     (helmet restricted)
rElec  .         Spirit   .     (no cloak)
rCorr  +         Warding  .     (gloves unavailable)
rMut   .         Stasis   .     (boots unavailable)
MR     .....                    A - amulet of resist corrosion
Stlth  +.........               (no ring)
                                j - ring of flight

@: not resistant to hostile enchantments, very unstealthy
A: unfitting armour, claws 3, fast metabolism 3, gourmand, regeneration 2,
shaggy fur 1, tough skin 2
a: Burn Spellbooks, Berserk, Trog's Hand, Renounce Religion, Evoke Flight


You were on level 4 of the Dungeon.
You worshipped Trog.
Trog was most pleased with you.
You were very full.

You visited 1 branch of the dungeon, and saw 4 of its levels.

You collected 155 gold pieces.

Inventory:

Hand weapons
 a - a +0 mace (weapon)
 o - a +1 dagger of venom
 u - a +0 flail
 v - a +0 hand crossbow
 x - a +0 morningstar
 z - a +1 vampiric dagger
Missiles
 r - a throwing net (quivered)
Armour
 b - a +0 chain mail
 g - a cursed -1 scale mail
 p - a +0 robe (worn)
 q - a +0 robe
 y - a +2 scale mail of fire resistance
Jewellery
 i - an uncursed ring of flight
 j - a ring of flight (left claw)
 A - an amulet of resist corrosion (around neck)
Scrolls
 d - 2 scrolls of teleportation {unknown}
 e - a scroll of remove curse {unknown}
 k - a scroll of enchant armour {unknown}
 l - a scroll of magic mapping {unknown}
 s - 2 scrolls of fog {unknown}
 B - a scroll of recharging {unknown}
Potions
 h - a potion of curing {unknown}
 m - a potion of might {unknown}
 n - a potion of brilliance {unknown}
 t - a potion of flight {unknown}
Comestibles
 c - 4 bread rations
 f - a slice of pizza
 w - a meat ration


   Skills:
 - Level 2.4 Fighting
 + Level 3.5 Maces & Flails
 + Level 4.6 Dodging
 + Level 0.2 Stealth


You had 4 spell levels left.
You didn't know any spells.

Dungeon Overview and Level Annotations

Branches:
Dungeon (4/15)
 Temple: D:4-7

Altars:
Dithmenos
Yredelemnul
Zin


Innate Abilities, Weirdness & Mutations

You are too large for most types of armour.
You have claws for hands.
Your metabolism is lightning-fast.
You like to eat raw meat.
You heal very quickly.
You are covered in fur (AC +1).
You have very tough skin (AC +2).


Message History

The iguana is heavily wounded.
The iguana bites you but does no damage.
You hit the iguana but do no damage.
The iguana is heavily wounded.
The iguana bites you but does no damage.
The iguana bites you!
You closely miss the iguana.
The iguana is heavily wounded.
The iguana bites you.
You hit the iguana but do no damage.
The iguana is heavily wounded.
The iguana bites you!
You hit the iguana.
The iguana is almost dead.
The iguana bites you!
* * * LOW HITPOINT WARNING * * *
You closely miss the iguana.
The iguana is almost dead.
The iguana bites you!
You die...

#### .... ## # #..# ##
.<.#.#..##. #....#....
....<.. ##.#.#..#######
......l@.......
#######.################
.$......................
#######.###########.....
#.# #..... #.# #.....
... ###+## #.# ..#


You could see an iguana.

Vanquished Creatures
  Terence (D:3)
  A centaur skeleton (D:4)
  7 adders
  A shadow imp (D:4)
  An adder skeleton (D:4)
  A worm (D:2)
  5 orcs (D:3)
  A ball python (D:1)
  A giant cockroach (D:2)
  6 hobgoblins
  3 jackals (D:3)
  10 bats
  7 giant newts
  13 goblins
  2 kobolds (D:2)
  2 quokkas
  3 rats
  A plant (D:2)
66 creatures vanquished.

Notes
Turn   | Place    | Note
--------------------------------------------------------------
     0 | D:1      | Warmonger the Troll Berserker began the quest for the Orb.
     0 | D:1      | Reached XP level 1. HP: 22/22 MP: 0/0
   392 | D:1      | Reached skill level 3 in Maces & Flails
   449 | D:1      | Reached XP level 2. HP: 15/29 MP: 1/1
  1021 | D:2      | Found a shadowy altar of Dithmenos.
  1074 | D:2      | Reached XP level 3. HP: 36/36 MP: 2/2
  1237 | D:2      | Acquired Trog's second power
  1421 | D:2      | Found a basalt altar of Yredelemnul.
  1633 | D:2      | Reached XP level 4. HP: 37/44 MP: 3/3
  1705 | D:2      | Reached skill level 4 in Dodging
  2261 | D:3      | Found a glowing silver altar of Zin.
  2551 | D:3      | Noticed Terence
  2563 | D:3      | Killed Terence
  2563 | D:3      | Reached XP level 5. HP: 38/50 MP: 4/4
  2871 | D:4      | Slain by an iguana

Vault maps used:
D:1:      nicolae_arrival_washed_ashore
D:2:      yredelemnul_altar_generic, lemuel_coloured_pillars_altar
D:3:      zin_scriptorium, first_bread, uniq_terence
D:4:      grunt_temple_overflow_forces_of_nature

Action                   |  1- 3 |  4- 6 || total
-------------------------+-------+-------++-------
Melee: Mace              |   163 |   109 ||   272
       Club              |     9 |       ||     9
  Eat: Chunk             |    16 |     7 ||    23
       Bread ration      |     1 |     1 ||     2
       Meat ration       |       |     1 ||     1
